 Dungeon Crawl Stone Soup version 0.17.1-3-g152610e (webtiles) character file.

56 kaze the Charmwright (level 3, -13/32 HPs)
             Began as a Deep Dwarf Skald on Mar 1, 2016.
             Killed by divine providence
             ... invoked by an orc priest
              (15 damage)
             ... on level 3 of the Dungeon.
             The game lasted 00:07:21 (2609 turns).

kaze the Charmwright (Deep Dwarf Skald)             Turns: 2609, Time: 00:07:22

Health: -13/32     AC:  6    Str: 16      XL:     3   Next: 69%
Magic:  0/6        EV:  6    Int: 12      God:
Gold:   121        SH:  7    Dex:  9 (12) Spells: 1 memorised, 5 levels left

rFire  + . .     SeeInvis .     w - +3 spear
rCold  x . .     Clarity  .     e - +0 scale mail
rNeg   . . .     SustAt   .     o - +0 shield
rPois  +         Gourm    .     (no helmet)
rElec  .         Spirit   +     (no cloak)
rCorr  .         Warding  .     (no gloves)
rMut   .         Stasis   .     (no boots)
MR     .....                    p - amulet of guardian spirit
Stlth  ..........               n - ring of fire
                                f - ring of poison resistance

@: non-regenerating, not resistant to hostile enchantments, extremely unstealthy
A: damage resistance, recharge devices, sense surroundings 1, slow regeneration
3
a: Device Recharging


You were on level 3 of the Dungeon.
You were not hungry.

You visited 1 branch of the dungeon, and saw 3 of its levels.

You collected 121 gold pieces.

Inventory:

Hand Weapons
 w - a +3 spear (weapon)
Missiles
 s - 84 stones (quivered)
Armour
 e - a +0 scale mail (worn)
 o - a +0 shield (worn)
Jewellery
 f - a ring of poison resistance (left hand)
 n - a ring of fire (right hand)
 p - an amulet of guardian spirit (around neck)
Wands
 d - a wand of heal wounds (5)
Scrolls
 g - a scroll of magic mapping {unknown}
 h - 2 scrolls of teleportation {unknown}
 i - a scroll of recharging {unknown}
 k - a scroll of remove curse {unknown}
 m - 3 scrolls of identify {unknown}
 q - 2 scrolls of immolation {unknown}
 v - a scroll of fog {unknown}
Potions
 a - a potion of might
 j - 4 potions of degeneration
 l - a potion of curing
 x - a potion of poison {unknown}
Books
 c - a book of Battle

   Spells                             Type                      Level
   a - Infusion                       Charms                       1
   b - Shroud of Golubria             Charms/Translocation         2
   c - Song of Slaying                Charms                       2
   d - Spectral Weapon                Hexes/Charms                 3
   e - Regeneration                   Charms/Necromancy            3
 t - a book of the Tempests

   Spells                             Type                      Level
   a - Static Discharge               Conjuration/Air              3
   b - Lightning Bolt                 Conjuration/Air              5
   c - Fireball                       Conjuration/Fire             5
   d - Tornado                        Air                          9
   e - Shatter                        Earth                        9
Comestibles
 b - a beef jerky
 r - a royal jelly
 u - 4 bread rations
 z - 2 chunks of flesh


   Skills:
 + Level 2.0 Fighting
   Level 2.2(2.3) Axes
 + Level 0.1(1.1) Polearms
 + Level 1.5 Armour
 + Level 1.5 Dodging
 + Level 0.6 Stealth
 + Level 0.2 Shields
 + Level 2.0 Spellcasting
 + Level 3.4 Charms


You had 5 spell levels left.
You knew the following spells:

 Your Spells              Type           Power        Failure   Level  Hunger
a - Infusion              Chrm           #.....       98%         1    ##.....


Dungeon Overview and Level Annotations

Branches:
Dungeon (3/15)

Altars:
Fedhas


Innate Abilities, Weirdness & Mutations

You are resistant to damage.
You can recharge devices by infusing magical energy.
You passively map a small area around you.
You do not regenerate naturally.


Message History

Your shield and scale mail prevent you from hitting the orc priest.
You block the orc's attack.
The orc priest hits you but does no damage.
You block the orc's attack.
You hit the orc priest but do no damage.
The orc hits you but does no damage.
The orc priest hits you but does no damage.
You block the orc's attack.
You barely miss the orc priest. You block the orc's attack.
The orc priest miscasts a cantrip.
The orc priest hits you but does no damage.
The orc hits you but does no damage. You block the orc's attack.
You hit the orc priest.
The orc priest is lightly wounded.
The orc priest closely misses you. The orc barely misses you.
The orc hits you with a hand axe.
* * * LOW HITPOINT WARNING * * *
The orc priest calls down the wrath of Beogh upon you.
Something smites you!
You die...

* ≈ ♣♣♣...,, .....* ,
....., ...... *, .... ,
......#### ♣ *#...,
#........ ♣♣.♣♣###..
#........ ,
.........##+#####........
,
.......oo'......+........
*,
.......oo##..####........
* ......ro@###.#
#........
############'####........
, , ,
#.................... ,
#.................... , ,
#....................
#..........#######'## *
#..........# #.#
#..........#######.# ,
#................#.#


You could see 2 orc priests, 3 orcs and a quokka.

Vanquished Creatures
  A worm (D:3)
  A giant gecko (D:2)
  11 goblins
  8 hobgoblins
  5 kobolds
  2 quokkas (D:2)
  8 bats
  2 giant cockroaches (D:1)
  6 giant newts
  5 rats (D:1)
49 creatures vanquished.

Notes
Turn   | Place    | Note
--------------------------------------------------------------
     0 | D:1      | kaze the Deep Dwarf Skald began the quest for the Orb.
     0 | D:1      | Reached XP level 1. HP: 19/19 MP: 3/3
    58 | D:1      | Reached skill level 3 in Charms
   101 | D:1      | Reached XP level 2. HP: 23/26 MP: 4/4
  1078 | D:1      | Reached XP level 3. HP: 18/32 MP: 0/6
  2529 | D:3      | Found a blossoming altar of Fedhas.
  2609 | D:3      | Killed from afar by an orc priest

Action                   || total
-------------------------++-------
Melee: Hand axe          ||    30
       Spear             ||   139
  Use: Potion            ||     4
  Eat: Bread ration      ||     1
       Beef jerky        ||     1
       Fruit             ||     3
